stoopid, chaotic male orcish Barbarian -------- ------ |.......# |....| ------------- |......|# |....| |...........-## ------------ #-......|#####-....| |...........| |..........| #--------# |....| |...........| #-..........| `#########`### |....| |._.........| ###|..........| # # ---.-- |...........| # -.---------- # # ## ---.--------- ### #### # # # ##### # # # # ### # # ### # # # ### # ###### # # # # # + # # # ---.-- ## # # # # |....| -----.----# ##########` # # |#.P.| |........|# #### -----|--# # |PP..| |.........# # |......|# # |@d..| |........| ##..<.....# ##.....| ---------- -------- ------ stoopid the Pillager Experience level: 3 Strength: 17 Dexterity: 17 Constitution: 18 Intelligence: 8 Wisdom: 8 Charisma: 7 Health: 0(39) Energy: 6(6) Def: 0 Gold: 274 Moves: 1148 Dungeon seed: YiyK8FqVU4bXB6qn Game ID: stoopid_1512103998 Your Inventory: Coins $ - 274 gold pieces Weapons a - an uncursed +0 two-handed sword b - an uncursed +0 axe i - a blessed corroded +0 mace (weapon in hand) p - a blessed +2 dagger (in quiver) Armor e - an uncursed thoroughly corroded +0 orcish ring mail (being worn) Comestibles c - 4 uncursed food rations d - 2 uncursed tripe rations g - an uncursed tin of newt meat Scrolls f - 2 uncursed scrolls of confuse monster j - an uncursed scroll of remove curse k - a cursed scroll of identify m - an uncursed scroll of fire Potions h - an uncursed potion of booze Rings l - an uncursed +3 ring of gain strength Spells and supernatural/magical abilities: Spells marked with '*' are forgotten. Spells marked with '!' are maintained. Spells marked with '#' are aliased with 'castalias'. Name Level Category Fail Memory W - pray for help -- divine ? -- Your skills at the end: Fighting Skills bare handed combat [Basic] Weapon Skills axe [Basic] two-handed sword [Basic] Spellcasting Skills Final Attributes: You were immune to poison. You had infravision. You are dead. Vanquished creatures: an acid blob 2 coyotes a gas spore a hobbit a giant rat a gecko a jackal 6 sewer rats 3 grid bugs a bat 3 lichens 4 newts 25 creatures vanquished. Voluntary challenges: You were an atheist. You used a wielded weapon 22 times, starting on turn 45. You were illiterate. You never genocided any monsters. You never polymorphed an object. You never changed form. You used no wishes. You split 2 puddings, starting on turn 1144. You never wrote Elbereth's name. You never violated your personal moral code. Dungeon overview: The Dungeons of Doom: levels 1 to 3 Level 1 a long staircase Level 2 a sink Level 3 <- You were here an altar to Set, a sink, a vault History has recorded: On T:1 you entered the Dungeons of Doom to retrieve the Amulet of Yendor! On T:362 you reached level 2 of The Dungeons of Doom. On T:680 you advanced to experience level 2. On T:698 you reached level 3 of The Dungeons of Doom. On T:1080 you advanced to experience level 3. Score breakdown: Gold: 274 ( 8297 points) Experience: 3 levels ( 7878 points) Exploration: 3 levels ( 6.25%) ( 6188 points) Discoveries: 0 items ( 0.00%) ( 0 points) Valuables value: (no points given unless you survive) Artifact value: 0 ( 0 points) Variety of kills: 12 monsters ( 3.16%) ( 5331 points) Turncount: 1148 turns ( 0 points) Survival: died (score multiplied by 80%) Total score: 22155 Latest messages: You stop. Idefix is in the way! You displace Idefix. A black ooze gushes up from the drain! You are now wielding your mace. The black pudding divides as you hit it! Your mace corrodes! The black pudding bites! Your orcish ring mail corrodes! You miss the black pudding. (2x) The black pudding bites! Your orcish ring mail corrodes further! You hear someone cursing shoplifters. You miss the black pudding. The black pudding divides as you hit it! Somehow, your mace is not affected. The black pudding bites! Your orcish ring mail corrodes completely! The black pudding bites! Your orcish ring mail looks completely corroded. You die... Final status: Goodbye stoopid the Barbarian, killed by a black pudding... You died in The Dungeons of Doom on dungeon level 3 with 22155 points, and 274 pieces of gold, after 1148 moves. You were level 3 with a maximum of 39 hit points when you died.